 Dungeon Crawl Stone Soup version 0.31-a0-851-g7ff8af7976 (webtiles) character file.

Game seed: 13836110563019604405

133 Dirtsage the Chopper (level 4, -5/35 HPs)
             Began as a Demonspawn Berserker on Oct 7, 2023.
             Was a Believer of Trog.
             Slain by an iguana (10 damage)
             ... on level 3 of the Dungeon.
             The game lasted 00:03:17 (2163 turns).

Dirtsage the Chopper (Demonspawn Berserker)         Turns: 2163, Time: 00:03:18

Health: -5/35      AC:  3    Str: 19    XL:     4   Next: 93%
Magic:  4/4        EV:  8    Int:  9    God:    Trog [**....]
Gold:   156        SH: 14    Dex: 12    Spells: 3/3 levels left

rFire   . . .        a - +0 hand axe
rCold   . . .        j - +0 tower shield
rNeg    . . .        b - +0 animal skin
rPois   .            (no helmet)
rElec   .            (no cloak)
rCorr   .            (no gloves)
SInv    .            e - +0 pair of boots
Will    .....        (no amulet)
Stlth   +            (no ring)
HPRegen 0.25/turn    (no ring)
MPRegen 0.09/turn

%: no passive effects
@: no status effects
A: condensation shield, demonic touch 1
a: Renounce Religion, Berserk, Trog's Hand


You were on level 3 of the Dungeon.
You worshipped Trog.
Trog was pleased with you.
You visited 1 branch of the dungeon, and saw 3 of its levels.

You collected 156 gold pieces.

Inventory:

Hand Weapons
 a - a +0 hand axe (weapon)
Armour
 b - a +0 animal skin (worn)
 e - a +0 pair of boots (worn)
 i - a +2 helmet
 j - a +0 tower shield (worn)
Scrolls
 c - a scroll of fog {unknown}
 d - a scroll of blinking {unknown}
 g - 2 scrolls of enchant weapon {unknown}
 h - a scroll of revelation {unknown}
 k - a scroll of fear {unknown}
Potions
 f - 3 potions of brilliance {unknown}
 l - a potion of invisibility {unknown}
 m - a potion of haste {unknown}
 n - a potion of attraction {unknown}
 o - a potion of mutation {unknown}
 p - a potion of heal wounds {unknown}
 q - a potion of might {unknown}
 r - a potion of curing {unknown}


   Skills:
 - Level 3.0 Fighting
 + Level 5.2 Axes
 - Level 1.7 Armour
 - Level 1.7 Dodging


You had 3 spell levels left.
You didn't know any spells.
Your spell library was empty.

Dungeon Overview and Level Annotations

Branches:
Dungeon (3/15)

Altars:


Innate Abilities, Weirdness & Mutations

A meltable shield of frost defends you. (SH +4)
Your touch may inflict minor irresistible damage on your foes.


Message History

The iguana is heavily wounded.
The iguana bites you. You block the iguana's attack.
You take 4 damage, and have 30/35 hp.
You hit the iguana.
The iguana is heavily wounded.
You block the iguana's attack.
You hit the iguana.
The iguana is severely wounded.
The iguana bites you! The iguana bites you.
You take 15 damage, and have 15/35 hp.
MASSIVE DAMAGE!!
You are too injured to fight recklessly!
You are too injured to fight recklessly!
You barely miss the iguana.
The iguana is severely wounded.
You block the iguana's attack.
You hit the iguana but do no damage.
The iguana is severely wounded.
You block the iguana's attack.
You hit the iguana but do no damage.
The iguana is severely wounded.
The iguana bites you. You block the iguana's attack.
You take 1 damage, and have 15/35 hp.
You closely miss the iguana.
The iguana is severely wounded.
You block the iguana's attack.
You hit the iguana but do no damage.
The iguana is severely wounded.
The iguana barely misses you. You block the iguana's attack.
You hit the iguana but do no damage.
The iguana is severely wounded.
You block the iguana's attack.
You closely miss the iguana.
The iguana is severely wounded.
The iguana bites you!
* * * LOW HITPOINT WARNING * * *
You take 11 damage, and have 5/35 hp.
MASSIVE DAMAGE!!
You completely miss the iguana.
The iguana is severely wounded.
The iguana bites you!
You die...

..## ...###+####
###.........
.........# ##.......#
.# #..)††...# ...
#†.....# #.# ###.....#
+.. ###..@....#
#.###.###l###.## #+#
#..#...#.........
#.####........#.##.###
#.#......+..........
#.#.##...######.#...
###.#.#.........
.#..!#
.......<........ ..
>.# ###.###.########
####.#


You could see an iguana.

Vanquished Creatures
  A sleepcap (D:3)
  Jessica (D:2)
  3 adders (D:2)
  A worm (D:2)
  An orc (D:3)
  A ball python (D:1)
  4 endoplasms
  2 giant cockroaches
  4 goblins
  6 hobgoblins
  3 jackals (D:1)
  3 kobolds
  5 quokkas
  6 frilled lizards
  5 rats
46 creatures vanquished.

Notes
Turn   | Place    | Note
-------+----------+-------------------------------------------
     0 | D:1      | Dirtsage the Demonspawn Berserker began the quest for the
                  | Orb.
     0 | D:1      | Reached XP level 1. HP: 18/18 MP: 1/1
    77 | D:1      | Reached skill level 3 in Axes
   352 | D:1      | Gained mutation: Your touch may inflict minor irresistible
                  | damage on your foes. [demonic ancestry]
   352 | D:1      | Reached XP level 2. HP: 24/24 MP: 2/2
  1045 | D:2      | Reached XP level 3. HP: 29/29 MP: 3/3
  1138 | D:2      | Reached ** piety under Trog
  1139 | D:2      | Reached skill level 4 in Axes
  1400 | D:2      | Noticed Jessica
  1404 | D:2      | Killed Jessica
  1405 | D:2      | Gained mutation: A meltable shield of frost defends you.
                  | (SH +4) [demonic ancestry]
  1405 | D:2      | Reached XP level 4. HP: 35/35 MP: 4/4
  1968 | D:3      | Reached skill level 5 in Axes
  2163 | D:3      | Slain by an iguana

Illustrated notes

Levels and vault maps discovered:
D:1:      minmay_arrival_four_circles, layout_loops_corners, minmay_crystal_room
D:2:      layout_basic, chequers_serial_rivers_large_a, kennysheep_jessica_study
D:3:      layout_basic, dk_noncrumbling_3, minmay_between

Skill      XL: |  1  2  3  4 |
---------------+-------------+-----
Axes           | 3 4 5 |  5.2
Fighting       | |  3.0
Armour         | |  1.7
Dodging        | |  1.7

Action                     |  1- 3 |  4- 6 || total
---------------------------+-------+-------++-------
  Melee: Hand axe          |    82 |    51 ||   133
         Touch             |     6 |       ||     6
 Invoke: Berserk           |     1 |     1 ||     2
   Stab: Sleeping          |     4 |     1 ||     5
 Armour: Animal skin       |    53 |    22 ||    75
  Dodge: Dodged            |    43 |    10 ||    53
  Block: Tower shield      |       |    40 ||    40

Table legend: (Time is in decaauts)
 A = Elapsed time spent in this place.
 B = Non-inter-level travel time spent in this place.
 C = Inter-level travel time spent in this place.
 D = Time resting spent in this place.
 E = Time spent auto-exploring this place.
 F = Levels seen in this place.
 G = Mean time per level.
                   A        B        C        D        E       F      G
               +--------+--------+--------+--------+--------+-----+--------+
         Total |   2219 |   2163 |     56 |     50 |   1738 |   3 |  739.7 |
       Dungeon |   2219 |   2163 |     56 |     50 |   1738 |   3 |  739.7 |
               +--------+--------+--------+--------+--------+-----+--------+

Top non-repeatable levels by time:
     D:1: 960 daAuts
     D:2: 954 daAuts
     D:3: 304 daAuts
